 Dungeon Crawl Stone Soup version 0.29-a0-582-ge82337ba6a (webtiles) character file.

Game seed: 7558243565264334932

266 croobank the Sneak (level 6, -2/39 HPs)
             Began as an Octopode Fire Elementalist on June 14, 2022.
             Splashed by a jelly's acid (6 damage)
             ... on level 4 of the Dungeon on June 15, 2022.
             The game lasted 00:09:16 (4032 turns).

croobank the Sneak (Octopode Fire Elementalist)     Turns: 4032, Time: 00:09:17

Health: -2/39      AC:  1    Str:  8    XL:     6   Next: 20%
Magic:  9/10       EV: 13    Int: 19    God:
Gold:   142        SH:  0    Dex: 12    Spells: 7/10 levels left

rFire   . . .      SeeInvis .   g - +2 short sword (vamp)
rCold   + . .      Faith    .   (no shield)
rNeg    . . .      Spirit   .   (helmet restricted)
rPois   .          Reflect  .   (no amulet)
rElec   .          Harm     .   l - ring of protection from cold
rCorr   .          Rampage  .   (no ring)
Will    .....                   (no ring)
Stlth   ++++......              (no ring)
HPRegen 0.13/turn               (no ring)
MPRegen 0.12/turn               (no ring)
                                (no ring)
                                (no ring)

@: no status effects
A: almost no armour, amphibious, 8 rings, camouflage 1, gelatinous body 1,
(nimble swimmer 1), tentacles
a: no special abilities


You were on level 4 of the Dungeon.
You visited 1 branch of the dungeon, and saw 4 of its levels.

You collected 142 gold pieces.

Inventory:

Hand Weapons
 d - a +1 dagger of freezing
 f - a +0 war axe
 g - a +2 vampiric short sword (weapon)
 j - a +0 hunting sling
 k - a +0 morningstar
 n - a +0 trident
Missiles
 b - 6 poisoned darts
 i - 28 stones
Magical Staves
 m - a staff of death
Jewellery
 l - a ring of protection from cold (left tentacle)
Potions
 a - a potion of magic
 c - 2 potions of flight
 e - a potion of ambrosia
 t - a potion of degeneration {unknown}


   Skills:
 + Level 2.0 Fighting
 + Level 3.2 Dodging
 + Level 4.4 Stealth
 + Level 2.9 Spellcasting
 + Level 2.5 Conjurations
 + Level 3.8 Fire Magic


You had 7 spell levels left.
You knew the following spells:

 Your Spells              Type           Power      Damage    Failure   Level
a - Foxfire               Conj/Fire      56%        2x1d6     4%          1
b - Scorch                Fire           34%        2d6       4%          2

Your spell library contained the following spells:

 Spells                   Type           Power      Damage    Failure   Level
 Magic Dart               Conj           48%        1d5       5%          1
 Conjure Flame            Conj/Fire      14%        6-21      13%         3
 Sandblast                Erth           4%         2d4       16%         1
 Inner Flame              Hex/Fire       10%        N/A       22%         3
 Call Imp                 Summ           2%         N/A       24%         2
 Passwall                 Tmut/Erth      1%         N/A       24%         2
 Stone Arrow              Conj/Erth      14%        3d7       28%         3
 Mephitic Cloud           Conj/Pois/Air  5%         N/A       32%         3
 Flame Wave               Conj/Fire      14%        2d6       38%         4
 Petrify                  Tmut/Erth      2%         N/A       83%         4
 Metabolic Englaciation   Hex/Ice        1%         N/A       99%         5
 Statue Form              Tmut/Erth      1%         N/A       100%        6


Dungeon Overview and Level Annotations

Branches:
Dungeon (4/15)
 Temple: D:4-7

Altars:

Shops:
D:3 *

Portals:
Abyss: D:3

Annotations:
D:3 2 transporters, DocClef's ghost, weakling DrDe
D:4 Pikel


Innate Abilities, Weirdness & Mutations

You cannot wear most types of armour.
You are amphibious.
You can wear up to eight rings at the same time.
Your skin changes colour to match your surroundings (Stealth+).
Your rubbery body absorbs attacks. (AC +1, EV +1)
((You are camouflaged when in or above water. (Stealth+)))
You have tentacles for arms and can constrict up to eight enemies at once.


Message History

The lemure's fire resistance burns away.
The jelly quivers.
The lemure attacks as you move away! The lemure closely misses you.
The jelly barely misses you. The jelly attacks as you move away!
The jelly closely misses you. The jelly hits you.
You are splashed with acid!
The lemure attacks as you move away! The lemure barely misses you.
The jelly attacks as you move away! The jelly hits you.
You are splashed with acid!
Pikel shouts!
You aren't carrying any scrolls.
Okay, then.
Really quaff the potion of lignification?
You turn into a tree.
Your roots penetrate the ground.
The lemure is no longer more vulnerable to fire.
The jelly hits you but does no damage.
You feel very mighty all of a sudden. The jelly hits you but does no damage.
A lemure comes into view.
The lemure hits you but does no damage.
You hit the jelly.
Your branches burn!
The jelly is moderately wounded.
The jelly hits you but does no damage. The lemure hits you.
* * * LOW HITPOINT WARNING * * *
It was a potion of brilliance.
You feel clever all of a sudden. The jelly hits you but does no damage.
The lemure hits you but does no damage.
It was a potion of curing.
You feel better. The jelly hits you.
You are splashed with acid!
* * * LOW HITPOINT WARNING * * *
A lemure comes into view.
It was a potion of cancellation.
Your magical effects are unravelling.
You feel magically purged.
You feel less wooden.
You feel a little less mighty now.
You feel a little less clever now. The jelly hits you.
* * * LOW HITPOINT WARNING * * *
You are splashed with acid.
You die...

##.## #...# #
#.... ### #.##...
...# #......
....## ..###.#. .
....# #...
....#####...#####
####
#....@K5..#...# #
#.####J...#?..#
#5...#...#
#....#...#
#...5#...#
#........#
######...# ##5##
#.#


You could see Pikel, 4 lemures and a jelly.

Vanquished Creatures
  Blork the orc (D:4)
  Terence (D:2)
  Jessica (D:3)
  An orc wizard (D:2)
  4 adders (D:2)
  2 worms (D:2)
  3 dart slugs
  6 orcs
  2 bats (D:1)
  3 endoplasms (D:2)
  4 giant cockroaches
  5 goblins
  11 hobgoblins
  4 jackals (D:3)
  5 ball pythons
  A frilled lizard (D:1)
  5 kobolds
  5 rats
64 creatures vanquished.

Vanquished Creatures (others)
  95 foxfires
95 creatures vanquished.

Grand Total: 159 creatures vanquished

Notes
Turn   | Place    | Note
-------+----------+-------------------------------------------
     0 | D:1      | croobank the Octopode Fire Elementalist began the quest for
                  | the Orb.
     0 | D:1      | Reached XP level 1. HP: 11/11 MP: 3/3
   173 | D:1      | Reached XP level 2. HP: 15/17 MP: 3/5
   176 | D:1      | Reached skill level 3 in Stealth
   472 | D:1      | Learned a level 2 spell: Scorch
   983 | D:2      | Reached XP level 3. HP: 22/22 MP: 4/6
  1222 | D:2      | Noticed Terence
  1426 | D:2      | Killed Terence
  1427 | D:2      | Reached skill level 1 in Fighting
  1427 | D:2      | Reached XP level 4. HP: 28/28 MP: 2/7
  2483 | D:3      | Found Neamaysy's General Store.
  2923 | D:2      | Reached XP level 5. HP: 19/33 MP: 8/8
  2930 | D:2      | Reached skill level 4 in Stealth
  3090 | D:3      | Noticed Jessica
  3142 | D:3      | Killed Jessica
  3454 | D:3      | Found a faded altar of an unknown god.
  3729 | D:3      | Noticed an ancient zyme
  3737 | D:3      | Found a transporter.
  3737 | D:3      | Noticed DocClef's ghost (weakling DrDe)
  3738 | D:3      | Found a one-way gate to the infinite horrors of the Abyss.
  3741 | D:3      | Found a transporter.
  3743 | D:3      | Noticed a small abomination
  3772 | D:3      | Noticed a kobold brigand
  3884 | D:4      | Noticed Blork the orc
  3892 | D:4      | Killed Blork the orc
  3893 | D:4      | Reached XP level 6. HP: 39/39 MP: 0/10
  4018 | D:4      | Noticed Pikel
  4032 | D:4      | Splashed by a jelly's acid

Illustrated notes

Levels and vault maps discovered:
D:1:      wander_arrival_desolate, layout_basic, serial_bayou_crossing
D:2:      layout_basic, uniq_terence
D:3:      layout_basic, gammafunk_ghost_abyssal_escape, serial_shops,
          nicolae_shop_hallway_stairs, ebering_ecumenical_altar_hall,
          uniq_jessica
D:4:      layout_basic, grunt_temple_overflow_gold_and_silver,
          mainiacjoe_overflow_boulevard, uniq_pikel, uniq_blork_the_orc

Skill      XL: |  1  2  3  4  5 |
---------------+----------------+-----
Stealth        | 3 4 |  4.4
Fighting       | 1 2 |  2.0
Conjurations   | 2 |  2.5
Dodging        | 3 |  3.2
Spellcasting   | |  2.9
Fire Magic     | |  3.8

Action                   |  1- 3 |  4- 6 || total
-------------------------+-------+-------++-------
Melee: Unarmed           |    23 |       ||    23
       Constrict         |    13 |     1 ||    14
       Tentacles         |    11 |     2 ||    13
       Short sword       |    15 |    20 ||    35
       Punch             |       |     1 ||     1
 Cast: Foxfire           |    21 |    35 ||    56
       Scorch            |     2 |    23 ||    25
  Use: Scroll            |     6 |     4 ||    10
       Potion            |       |     5 ||     5
 Stab: Sleeping          |     6 |       ||     6
Armor: Skin              |     5 |    11 ||    16
Dodge: Dodged            |    36 |    34 ||    70

Table legend: (Time is in decaauts)
 A = Elapsed time spent in this place.
 B = Non-inter-level travel time spent in this place.
 C = Inter-level travel time spent in this place.
 D = Time resting spent in this place.
 E = Time spent auto-exploring this place.
 F = Levels seen in this place.
 G = Mean time per level.
                   A        B        C        D        E       F      G
               +--------+--------+--------+--------+--------+-----+--------+
         Total |   4039 |   3975 |     64 |   1218 |   2113 |   4 | 1009.8 |
       Dungeon |   4039 |   3975 |     64 |   1218 |   2113 |   4 | 1009.8 |
               +--------+--------+--------+--------+--------+-----+--------+

Top non-repeatable levels by time:
     D:2: 2027 daAuts
     D:1: 1093 daAuts
     D:3: 770 daAuts
     D:4: 147 daAuts
